HS
MATER DEI HS MONARCH LIONS @ DEER PARK HS FALCONS
02/29/2060
 
TOP OF THE 1ST
Mater Dei HS Monarch Lions batting - Pitching for Deer Park HS Falcons : RHP Millard Kim
Pitching: RHP Millard Kim
Batting: LHB Nathaniel Jacobs 0-0: Fly out, F4 (Popup, 34, EV 55.6 MPH)
Batting: RHB Ray Ayres 0-0: Ball
1-0: Foul Ball, location: 2F
1-1: Ball
2-1: Fly out, F8 (Flyball, 78M, EV 90.6 MPH)
Batting: LHB Rob Lilley 0-0: Ball
1-0: SINGLE (Groundball, 34D, EV 103.8 MPH)
Batting: RHB Karter McClatchie 0-0: Ball
Rob Lilley is caught stealing 2nd base 2-4
Top of the 1st over - 0 runs, 1 hit, 0 errors, 0 left on base; Mater Dei HS 0 - Deer Park HS 0
BOTTOM OF THE 1ST
Deer Park HS Falcons batting - Pitching for Mater Dei HS Monarch Lions : RHP Avery Larsen
Pitching: RHP Avery Larsen
Batting: RHB Kenny Dimick 0-0: Ball
1-0: Bunt for hit to 25 - play at first, batter safe!
Batting: RHB Kellen Brenning 0-0: Ball
1-0: SINGLE (Groundball, 56D, EV 97.5 MPH)
Kenny Dimick to second
Batting: LHB David Hankins 0-0: Ball
1-0: Ball
2-0: Called Strike
2-1: Ball
3-1: Called Strike
3-2: DOUBLE (Line Drive, 7LS, EV 100.6 MPH)
Kenny Dimick scores
Kellen Brenning to third
Batting: RHB Emmett Bei 0-0: Foul Ball, location: 2F
0-1: Foul Ball, location: 2F
0-2: SINGLE (Groundball, 6MD, EV 102.5 MPH)
Kellen Brenning scores
David Hankins to third
Runner from 3rd tries for Home, SAFE, throw by CF to home
Batting: SHB Brian Schmitz 0-0: Fly out, F4 (Flyball, 4MD, EV 89.4 MPH)
Batting: RHB Mather Saiki 0-0: Ball
1-0: Reached on error, E6 (Groundball, 6, EV 78.8 MPH)
Emmett Bei to second
Batting: RHB Keenan Buckhalter 0-0: Ball
1-0: Ball
2-0: Fly out, F7 (Line Drive, 78M, EV 93.1 MPH)
Batting: RHB Corey Palmer 0-0: Called Strike
0-1: Swinging Strike
0-2: Foul Ball, location: 2F
0-2: Ball
1-2: Ball
2-2: SINGLE (Groundball, 56S, EV 74.4 MPH) (infield hit)
Emmett Bei to third
Mather Saiki to second
Batting: RHB Roy Hays 0-0: SINGLE (Line Drive, 89M, EV 105.6 MPH)
Emmett Bei scores
Mather Saiki to third
Corey Palmer to second
Batting: RHB Kenny Dimick 0-0: Ball
1-0: Called Strike
1-1: Ball
2-1: Ball
3-1: Fielders Choice at 2nd, 6-4 (Groundball, 56, EV 101.2 MPH)
Bottom of the 1st over - 4 runs, 6 hits, 1 error, 3 left on base; Mater Dei HS 0 - Deer Park HS 4
TOP OF THE 2ND
Mater Dei HS Monarch Lions batting - Pitching for Deer Park HS Falcons : RHP Millard Kim
Batting: RHB Karter McClatchie 0-0: Called Strike
0-1: Ball
1-1: Foul Ball, location: 2F
1-2: Strikes out swinging
Batting: RHB Julian Baldwin 0-0: Called Strike
0-1: Ball
1-1: Foul Ball, location: 2F
1-2: Ball
2-2: Ball
3-2: Foul Ball, location: 2F
3-2: SOLO HOME RUN (Flyball, 7LD, EV 96.9 MPH), Distance : 340 ft
Batting: RHB Kyle Cussen 0-0: Called Strike
0-1: Foul Ball, location: 2F
0-2: Strikes out swinging
Batting: RHB Damian Williams 0-0: Ground out U3 (Groundball, 3S, EV 91.9 MPH)
Top of the 2nd over - 1 run, 1 hit, 0 errors, 0 left on base; Mater Dei HS 1 - Deer Park HS 4
BOTTOM OF THE 2ND
Deer Park HS Falcons batting - Pitching for Mater Dei HS Monarch Lions : RHP Avery Larsen
Batting: RHB Kellen Brenning 0-0: Ball
1-0: Ground out 6-3 (Groundball, 6, EV 83.1 MPH)
Batting: LHB David Hankins 0-0: Called Strike
0-1: Foul Ball, location: 2F
0-2: Ball
1-2: Strikes out swinging
Batting: RHB Emmett Bei 0-0: Ball
1-0: Swinging Strike
1-1: Foul Ball, location: 2F
1-2: Fly out, F9 (Flyball, 89S, EV 95.6 MPH)
Bottom of the 2nd over - 0 runs, 0 hits, 0 errors, 0 left on base; Mater Dei HS 1 - Deer Park HS 4
TOP OF THE 3RD
Mater Dei HS Monarch Lions batting - Pitching for Deer Park HS Falcons : RHP Millard Kim
Batting: RHB Sebastian Duvall 0-0: Ball
1-0: Ball
2-0: Ball
3-0: Called Strike
3-1: Fly out, F8 (Line Drive, 78D, EV 95.6 MPH)
Batting: SHB Johnathan Jacobs 0-0: Foul Ball, location: 2F
0-1: Ball
1-1: Ball
2-1: Ball
3-1: Called Strike
3-2: Base on Balls
Batting: LHB Nathaniel Jacobs 0-0: Foul Ball, location: 2F
0-1: Fielders Choice at 2nd, 5-4 (Groundball, 5, EV 91.9 MPH)
Batting: RHB Ray Ayres 0-0: Ball
Nathaniel Jacobs is caught stealing 2nd base 2-4
Top of the 3rd over - 0 runs, 0 hits, 0 errors, 0 left on base; Mater Dei HS 1 - Deer Park HS 4
BOTTOM OF THE 3RD
Deer Park HS Falcons batting - Pitching for Mater Dei HS Monarch Lions : RHP Avery Larsen
Batting: SHB Brian Schmitz 0-0: SINGLE (Flyball, 8RS, EV 88.1 MPH)
Batting: RHB Mather Saiki 0-0: Ball
1-0: Swinging Strike
1-1: Called Strike
Brian Schmitz steals 2nd base
1-2: SINGLE (Line Drive, 8LS, EV 108.1 MPH)
Brian Schmitz to third
Batting: RHB Keenan Buckhalter 0-0: DOUBLE (Line Drive, 89D, EV 107.5 MPH)
Brian Schmitz scores
Mather Saiki to third
Pitching: LHP Nick Houghton
Batting: RHB Corey Palmer 0-0: Ball
1-0: Ground out 5-3 (Groundball, 5S, EV 81.9 MPH)
Batting: RHB Roy Hays 0-0: Called Strike
0-1: Foul Ball, location: 2F
0-2: Foul Ball, location: 2F
0-2: Ball
1-2: Foul Ball, location: 2F
1-2: Fly out, F8 (Flyball, 8RM, EV 88.8 MPH)
Batting: RHB Kenny Dimick 0-0: Swinging Strike
0-1: Ball
1-1: Called Strike
1-2: Ball
2-2: DOUBLE (Line Drive, 78D, EV 103.8 MPH)
Mather Saiki scores
Keenan Buckhalter scores
Batting: RHB Kellen Brenning 0-0: Ball
1-0: Called Strike
1-1: Foul Ball, location: 2F
1-2: DOUBLE (Line Drive, 78D, EV 101.9 MPH)
Kenny Dimick scores
Batting: LHB David Hankins 0-0: Ball
1-0: Ball
2-0: Called Strike
2-1: Ball
3-1: Base on Balls
Batting: RHB Emmett Bei 0-0: Ball
1-0: Foul Ball, location: 2F
1-1: Ground out U3 (Groundball, 34S, EV 63.8 MPH)
Bottom of the 3rd over - 4 runs, 5 hits, 0 errors, 2 left on base; Mater Dei HS 1 - Deer Park HS 8
TOP OF THE 4TH
Mater Dei HS Monarch Lions batting - Pitching for Deer Park HS Falcons : RHP Millard Kim
Batting: RHB Ray Ayres 0-0: SINGLE (Line Drive, 7S, EV 88.8 MPH)
Batting: LHB Rob Lilley 0-0: Called Strike
0-1: Foul Ball, location: 2F
0-2: 2-RUN HOME RUN (Line Drive, 9D, EV 95.6 MPH), Distance : 383 ft
Batting: RHB Karter McClatchie 0-0: Fly out, F4 (Flyball, 4D, EV 81.9 MPH)
Batting: RHB Julian Baldwin 0-0: Called Strike
0-1: Ball
1-1: Ball
2-1: Swinging Strike
2-2: Ball
3-2: Hit by Pitch
Batting: RHB Kyle Cussen 0-0: Grounds into double play, 6-4-3 (Groundball, 6, EV 106.2 MPH)
Top of the 4th over - 2 runs, 2 hits, 0 errors, 0 left on base; Mater Dei HS 3 - Deer Park HS 8
BOTTOM OF THE 4TH
Deer Park HS Falcons batting - Pitching for Mater Dei HS Monarch Lions : LHP Nick Houghton
Batting: SHB Brian Schmitz 0-0: SINGLE (Groundball, 4MD, EV 95.6 MPH)
Batting: RHB Mather Saiki 0-0: Ball
Brian Schmitz is caught stealing 2nd base 2-4
1-0: Ball
2-0: Ball
3-0: Called Strike
3-1: Fly out, F8 (Flyball, 8LD, EV 86.9 MPH)
Batting: RHB Keenan Buckhalter 0-0: Swinging Strike
0-1: Called Strike
0-2: Ground out 5-3 (Groundball, 56, EV 85.0 MPH)
Bottom of the 4th over - 0 runs, 1 hit, 0 errors, 0 left on base; Mater Dei HS 3 - Deer Park HS 8
TOP OF THE 5TH
Mater Dei HS Monarch Lions batting - Pitching for Deer Park HS Falcons : RHP Millard Kim
Batting: RHB Damian Williams 0-0: Called Strike
0-1: Ball
1-1: Ball
2-1: Foul Ball, location: 2F
2-2: Ball
3-2: Fly out, F9 (Line Drive, 9, EV 89.4 MPH)
Batting: RHB Sebastian Duvall 0-0: Foul Ball, location: 2F
0-1: Fly out, F8 (Flyball, 89M, EV 92.5 MPH)
Batting: SHB Johnathan Jacobs 0-0: Ball
1-0: Swinging Strike
1-1: Ball
2-1: SINGLE (Groundball, 6MD, EV 79.4 MPH) (infield hit)
Batting: LHB Nathaniel Jacobs 0-0: Called Strike
0-1: Foul Ball, location: 2F
0-2: Ball
1-2: Ball
2-2: Ball
3-2: 2-RUN HOME RUN (Flyball, 78XD, EV 100.6 MPH), Distance : 431 ft
Pitching: RHP Julian Barker
Batting: RHB Ray Ayres 0-0: Ball
1-0: Called Strike
1-1: Ball
2-1: Ball
3-1: Foul Ball, location: 2F
3-2: Base on Balls
Batting: LHB Rob Lilley 0-0: Called Strike
0-1: Ball
1-1: Ball
Ray Ayres steals 2nd base
2-1: Fly out, F8 (Flyball, 8RM, EV 86.2 MPH)
Top of the 5th over - 2 runs, 2 hits, 0 errors, 1 left on base; Mater Dei HS 5 - Deer Park HS 8
BOTTOM OF THE 5TH
Deer Park HS Falcons batting - Pitching for Mater Dei HS Monarch Lions : LHP Nick Houghton
Batting: RHB Corey Palmer 0-0: Ball
1-0: Foul Ball, location: 2F
1-1: Ball
2-1: Foul Ball, location: 2F
2-2: Ball
3-2: Foul Ball, location: 2F
3-2: Foul Ball, location: 2F
3-2: SINGLE (Line Drive, 8LS, EV 108.8 MPH)
Batting: RHB Roy Hays 0-0: Called Strike
0-1: Ball
1-1: Foul Ball, location: 2F
1-2: Foul Ball, location: 2F
1-2: DOUBLE (Line Drive, 7LM, EV 97.5 MPH)
Corey Palmer to third
Batting: RHB Kenny Dimick 0-0: Ball
1-0: Ground out 6-3 (Groundball, 6, EV 95.0 MPH)
Corey Palmer scores
Batting: RHB Kellen Brenning 0-0: SINGLE (Groundball, 56D, EV 100.6 MPH)
Roy Hays to third
Runner from 3rd tries for Home, SAFE, throw by LF to home
Kellen Brenning to second
Pitching: LHP Corey Hommes
Batting: LHB David Hankins 0-0: Swinging Strike
0-1: Called Strike
0-2: Ball
1-2: Ball
2-2: Foul Ball, location: 2F
2-2: Fly out, F8 (Flyball, 8LM, EV 73.8 MPH)
Batting: RHB Emmett Bei 0-0: Swinging Strike
0-1: Called Strike
0-2: Ground out 6-3 (Groundball, 6, EV 90.0 MPH)
Bottom of the 5th over - 2 runs, 3 hits, 0 errors, 1 left on base; Mater Dei HS 5 - Deer Park HS 10
TOP OF THE 6TH
Mater Dei HS Monarch Lions batting - Pitching for Deer Park HS Falcons : RHP Julian Barker
Batting: RHB Karter McClatchie 0-0: Ball
1-0: Fly out, F8 (Flyball, 8RS, EV 87.5 MPH)
Batting: RHB Julian Baldwin 0-0: Foul Ball, location: 2F
0-1: Ball
1-1: DOUBLE (Line Drive, 89D, EV 106.9 MPH)
Batting: RHB Kyle Cussen 0-0: Ball
1-0: Ball
2-0: Ball
3-0: Called Strike
3-1: Foul Ball, location: 2F
3-2: Strikes out looking
Batting: RHB Damian Williams 0-0: Ball
1-0: SINGLE (Groundball, 4M, EV 95.0 MPH)
Julian Baldwin to third
Runner from 3rd tries for Home, SAFE, throw by CF to home
Batting: LHB Ferric Ramalheiro 0-0: Ball
Damian Williams is caught stealing 2nd base 2-6
Top of the 6th over - 1 run, 2 hits, 0 errors, 0 left on base; Mater Dei HS 6 - Deer Park HS 10
BOTTOM OF THE 6TH
Deer Park HS Falcons batting - Pitching for Mater Dei HS Monarch Lions : LHP Corey Hommes
Batting: SHB Brian Schmitz 0-0: Ball
1-0: Ground out 6-3 (Groundball, 6, EV 89.4 MPH)
Batting: RHB Mather Saiki 0-0: Ball
1-0: Swinging Strike
1-1: Ball
2-1: Ball
3-1: SINGLE (Groundball, 56D, EV 95.0 MPH)
Batting: RHB Keenan Buckhalter 0-0: Ball
1-0: Ball
2-0: Ball
3-0: Called Strike
3-1: Swinging Strike
3-2: Foul Ball, location: 2F
3-2: Foul Ball, location: 2F
3-2: Strikes out swinging
Batting: RHB Corey Palmer 0-0: Ball
1-0: Foul Ball, location: 2F
1-1: Foul Ball, location: 2F
1-2: Ground out U3 (Groundball, 3L, EV 88.8 MPH)
Bottom of the 6th over - 0 runs, 1 hit, 0 errors, 1 left on base; Mater Dei HS 6 - Deer Park HS 10
TOP OF THE 7TH
Mater Dei HS Monarch Lions batting - Pitching for Deer Park HS Falcons : RHP Julian Barker
Batting: LHB Ferric Ramalheiro 0-0: Called Strike
0-1: Ball
1-1: Ball
2-1: Foul Ball, location: 2F
2-2: Foul Ball, location: 2F
2-2: Ball
3-2: Foul Ball, location: 2F
3-2: Strikes out swinging
Batting: SHB Johnathan Jacobs 0-0: Called Strike
0-1: Called Strike
0-2: Ball
1-2: Foul Ball, location: 2F
1-2: Strikes out swinging
Batting: LHB Nathaniel Jacobs 0-0: Ball
1-0: Ball
2-0: Ground out 6-3 (Groundball, 4M, EV 104.4 MPH)
Top of the 7th over - 0 runs, 0 hits, 0 errors, 0 left on base; Mater Dei HS 6 - Deer Park HS 10
BOTTOM OF THE 7TH
Deer Park HS Falcons batting - Pitching for Mater Dei HS Monarch Lions : LHP Corey Hommes
Batting: RHB Roy Hays 0-0: Called Strike
0-1: Ball
1-1: Swinging Strike
1-2: Ball
2-2: SOLO HOME RUN (Flyball, 78XD, EV 103.1 MPH), Distance : 424 ft
Batting: RHB Kenny Dimick 0-0: Fly out, F3 (Popup, 3S, EV 71.2 MPH)
Batting: RHB Kellen Brenning 0-0: Ball
1-0: Ground out 6-3 (Groundball, 56, EV 102.5 MPH)
Batting: LHB David Hankins 0-0: Foul Ball, location: 2F
0-1: Ball
1-1: SINGLE (Line Drive, 89S, EV 103.1 MPH)
Pitching: RHP Stephen Elbon
Batting: RHB Emmett Bei 0-0: Called Strike
0-1: Ground out 1-3 (Groundball, 13S, EV 68.8 MPH)
Bottom of the 7th over - 1 run, 2 hits, 0 errors, 1 left on base; Mater Dei HS 6 - Deer Park HS 11
TOP OF THE 8TH
Mater Dei HS Monarch Lions batting - Pitching for Deer Park HS Falcons : RHP Julian Barker
Batting: RHB Ray Ayres 0-0: Ball
1-0: Foul Ball, location: 2F
1-1: Foul Ball, location: 2F
1-2: Ball
2-2: Foul Ball, location: 2F
2-2: Ball
3-2: Fly out, F8 (Flyball, 89M, EV 88.8 MPH)
Batting: LHB Rob Lilley 0-0: Foul Ball, location: 2F
0-1: Ball
1-1: Ball
2-1: Swinging Strike
2-2: Ground out 4-3 (Groundball, 4, EV 83.1 MPH)
Batting: RHB Karter McClatchie 0-0: Fly out, F9 (Flyball, 89D, EV 95.6 MPH)
Top of the 8th over - 0 runs, 0 hits, 0 errors, 0 left on base; Mater Dei HS 6 - Deer Park HS 11
BOTTOM OF THE 8TH
Deer Park HS Falcons batting - Pitching for Mater Dei HS Monarch Lions : RHP Stephen Elbon
Batting: SHB Brian Schmitz 0-0: Called Strike
0-1: Swinging Strike
0-2: Foul Ball, location: 2F
0-2: Ball
1-2: Fly out, F3 (Line Drive, 3L, EV 67.5 MPH)
Batting: RHB Mather Saiki 0-0: Ball
1-0: SINGLE (Groundball, 56S, EV 68.8 MPH) (infield hit)
Batting: RHB Keenan Buckhalter 0-0: Ball
1-0: Foul Ball, location: 2F
1-1: Ball
2-1: Foul Ball, location: 2F
2-2: SINGLE (Flyball, 34D, EV 81.2 MPH)
Mather Saiki to second
Batting: RHB Corey Palmer 0-0: Called Strike
0-1: TRIPLE (Flyball, 89XD, EV 98.1 MPH)
Mather Saiki scores
Keenan Buckhalter scores
Batting: RHB Roy Hays 0-0: 2-RUN HOME RUN (Flyball, 7D, EV 95.0 MPH), Distance : 378 ft
Pitching: RHP Jaden Rice
Batting: RHB Kenny Dimick 0-0: Called Strike
0-1: Ball
1-1: Ball
2-1: Called Strike
2-2: Strikes out swinging
Batting: RHB Kellen Brenning 0-0: Called Strike
0-1: Ball
1-1: Foul Ball, location: 2F
1-2: Ball
2-2: Ball
3-2: Base on Balls
Batting: LHB David Hankins 0-0: Swinging Strike
0-1: Ground out 4-3 (Groundball, 4, EV 81.2 MPH)
Bottom of the 8th over - 4 runs, 4 hits, 0 errors, 1 left on base; Mater Dei HS 6 - Deer Park HS 15
TOP OF THE 9TH
Mater Dei HS Monarch Lions batting - Pitching for Deer Park HS Falcons : RHP Julian Barker
Batting: RHB Julian Baldwin 0-0: Ball
1-0: DOUBLE (Line Drive, 89XD, EV 98.8 MPH)
Pinch Hitting: SHB Sebastian Kaye 0-0: Foul Ball, location: 2F
0-1: Ball
1-1: Ball
2-1: Ball
3-1: Base on Balls
Pitching: RHP Lacy Howe
Batting: RHB Damian Williams 0-0: Ball
1-0: Foul Ball, location: 2F
1-1: Fly out, F8 (Flyball, 8LD, EV 95.0 MPH)
Batting: LHB Ferric Ramalheiro 0-0: Ball
1-0: SINGLE (Groundball, 4D, EV 103.8 MPH)
Julian Baldwin to third
Sebastian Kaye to second
Batting: SHB Johnathan Jacobs 0-0: Called Strike
0-1: Ball
1-1: Foul Ball, location: 2F
1-2: Foul Ball, location: 2F
1-2: Ball
2-2: Foul Ball, location: 2F
2-2: Strikes out swinging
Batting: LHB Nathaniel Jacobs 0-0: Called Strike
0-1: Swinging Strike
0-2: Strikes out swinging
Top of the 9th over - 0 runs, 2 hits, 0 errors, 3 left on base; Mater Dei HS 6 - Deer Park HS 15
Tuesday, April 16th , 2024 - OOTP Baseball 23.10 Build 110